 Dungeon Crawl Stone Soup version 0.23.1 (webtiles) character file.

Game seed: 0

113 Fang the Skirmisher (level 4, -3/29 HPs)
             Began as a Gargoyle Berserker on Mar 15, 2019.
             Was a Believer of Trog.
             Slain by an orc
             ... wielding a +0 hand axe
              (5 damage)
             ... on level 3 of the Dungeon.
             The game lasted 00:03:51 (2628 turns).

Fang the Skirmisher (Gargoyle Berserker)            Turns: 2628, Time: 00:03:51

Health: -3/29      AC:  9    Str: 21    XL:     4   Next: 96%
Magic:  4/4        EV: 12    Int: 11    God:    Trog [**....]
Gold:   85         SH:  0    Dex:  9    Spells: 3/3 levels left

rFire    . . .     SeeInvis .   a - +0 hand axe
rCold    . . .     Gourm    .   (no shield)
rNeg     + . .     Faith    .   b - +0 animal skin
rPois    ∞         Spirit   .   n - +2 helmet
rElec    +         Reflect  .   (no cloak)
rCorr    .         Harm     .   (no gloves)
MR       ++...                  (no boots)
Stlth    +.........             (no amulet)
HPRegen  1.09/turn              e - +3 ring of intelligence
MPRegen  0.09/turn              (no ring)

@: flying, regenerating
A: negative energy resistance 1, electricity resistance, unbreathing,
petrification resistance, rot immunity, AC +3
a: Berserk, Trog's Hand, Renounce Religion


You were on level 3 of the Dungeon.
You worshipped Trog.
Trog was pleased with you.
You were near starving.

You visited 1 branch of the dungeon, and saw 3 of its levels.

You collected 85 gold pieces.

Inventory:

Hand Weapons
 a - a +0 hand axe (weapon)
Armour
 b - a +0 animal skin (worn)
 n - a +2 helmet (worn)
Jewellery
 e - a +3 ring of intelligence (left hand)
Wands
 k - a wand of digging (3)
Scrolls
 f - 3 scrolls of identify {unknown}
 g - a scroll of remove curse {unknown}
 j - a scroll of enchant armour {unknown}
 m - a scroll of fog {unknown}
Potions
 d - a potion of haste {unknown}
 h - 2 potions of might {unknown}
 i - a potion of degeneration {unknown}
 l - 2 potions of flight
Comestibles
 c - 6 rations


   Skills:
 + Level 4.2 Fighting
 + Level 3.4 Axes
 + Level 3.2 Armour
 + Level 2.3 Dodging


You had 3 spell levels left.
You didn't know any spells.
Your spell library was empty.

Dungeon Overview and Level Annotations

Branches:
Dungeon (3/15)

Altars:


Innate Abilities, Weirdness & Mutations

You are resistant to torment.
Your stone body is resilient. (AC +3)
You are immune to poison.
You resist negative energy. (rN+)
You are resistant to electric shocks. (rElec)
You can survive without breathing.
You are immune to petrification.
You are immune to rotting.


Message History

The orc is moderately wounded.
The orc priest shouts!
The orc priest calls down the wrath of Beogh upon you.
Beogh smites you!
* * * LOW HITPOINT WARNING * * *
The orc closely misses you.
The orc priest calls upon Beogh to heal the orc.
The orc's wounds heal themselves!
You hear a shout!
You closely miss the orc.
An orc wizard comes into view. It is wielding a +0 dagger.
The orc closely misses you.
It was a potion of flight.
You feel very buoyant.
You fly up into the air.
The orc hits you but does no damage.
Your skin crawls.
You feel resistant to hostile enchantments.
You feel somewhat more hungry. The orc hits you but does no damage.
The orc hits you with a +0 hand axe.
You die...

.##. ..#. ...## #..##
######o.#####
##...........##
#.......lo....##
.......oo)..$..#
........@))†...# .#
........)......####....
....................#
.............>..##..#
#.....(.......#..########
##.....#.....#..........#
#############..........#
#..........#
#.....>....<..


You could see an orc priest, an orc wizard, 2 orcs and a leopard gecko.

Vanquished Creatures
  Robin (D:3)
  2 adders (D:2)
  3 worms (D:2)
  A dart slug (D:1)
  2 leopard geckos
  4 bats
  2 giant cockroaches
  13 goblins
  11 hobgoblins
  7 jackals
  2 ball pythons (D:1)
  4 frilled lizards
  8 kobolds
  8 rats
68 creatures vanquished.

Notes
Turn   | Place    | Note
-------+----------+-------------------------------------------
     0 | D:1      | Fang the Gargoyle Berserker began the quest for the Orb.
     0 | D:1      | Reached XP level 1. HP: 14/14 MP: 1/1
   484 | D:1      | Reached XP level 2. HP: 11/19 MP: 2/2
   825 | D:1      | Reached XP level 3. HP: 16/23 MP: 3/3
   990 | D:1      | Reached ** piety under Trog
  1495 | D:2      | Reached XP level 4. HP: 22/29 MP: 4/4
  1513 | D:2      | Reached skill level 4 in Fighting
  2535 | D:3      | Noticed Robin
  2548 | D:3      | Killed Robin
  2625 | D:3      | HP: 1/29 [orc priest/divine providence (10)]
  2628 | D:3      | Slain by an orc

Skill      XL: |  1  2  3  4 |
---------------+-------------+-----
Axes           | 3 |  3.4
Dodging        | 2 |  2.3
Armour         | 3 |  3.2
Fighting       | 4 |  4.2

Action                   |  1- 3 |  4- 6 || total
-------------------------+-------+-------++-------
Melee: Hand axe          |   131 |    70 ||   201
Invok: Berserk           |     1 |     1 ||     2
       Trog's Hand       |       |     1 ||     1
  Use: Potion            |       |     1 ||     1
 Stab: Sleeping          |     1 |       ||     1
  Eat: Chunk             |     3 |     3 ||     6
Armor: Animal skin       |    35 |    27 ||    62
Dodge: Dodged            |    96 |    65 ||   161
